 Dungeon Crawl Stone Soup version 0.16-a0-1970-g0967df0 (webtiles) character file.

182 thegroundistoosoft the Insei (level 5, -1/41 HPs)
             Began as a Mummy Monk on Nov 8, 2014.
             Slain by a gnoll
             ... wielding a +0 club
              (5 damage)
             ... on level 3 of the Dungeon.
             The game lasted 00:24:38 (5181 turns).

thegroundistoosoft the Insei (Mummy Monk)           Turns: 5181, Time: 00:24:38

Health: -1/41      AC:  1    Str: 14    XL:     5   Next: 34%
Magic:  5/5        EV: 13    Int:  9    God:
Gold:   217        SH:  0    Dex: 15    Spells: 0 memorised, 4 levels left

rFire  x . .     SeeInvis +       - Unarmed
rCold  + . .     Clarity  .     (no armour)
rNeg   + + +     SustAb   .     (no shield)
rPois  +         Gourm    .     (no helmet)
rElec  .         Spirit   .     (no cloak)
rCorr  .         Warding  .     e - +0 pair of gloves
rMut   .         Stasis   .     (no boots)
MR     .....                    (no amulet)
Stlth  ++........               (no ring)
                                h - ring of see invisible

@: about to teleport, not resistant to hostile enchantments, unstealthy
A: no food or potions, fire vulnerability, restore body, cold resistance 1,
negative energy resistance 3, poison resistance, torment resistance, unbreathing
a: no special abilities


You were on level 3 of the Dungeon.
You were not hungry.

You visited 1 branch of the dungeon, and saw 4 of its levels.

You collected 217 gold pieces.


Innate Abilities, Weirdness & Mutations

You do not eat or drink.
Your flesh is vulnerable to fire.
Your flesh is cold resistant.
You are immune to negative energy.
Your system is resistant to poisons.
You are immune to unholy pain and torment.
You can survive without breathing.


   Skills:
 - Level 3.0 Fighting
 - Level 2.4 Dodging
 - Level 1.5 Stealth
 + Level 5.5 Unarmed Combat


You had 4 spell levels left.
You didn't know any spells.

Inventory:

Armour
 e - a +0 pair of gloves (worn)
Jewellery
 h - a ring of see invisible (left hand)
Scrolls
 a - 2 scrolls of remove curse {unknown}
 b - a scroll of amnesia {unknown}
 d - 2 scrolls of identify {unknown}
 g - a scroll of fog {unknown}
Comestibles
 f - a royal jelly (quivered)
 i - 6 fruits

Dungeon Overview and Level Annotations

Branches:
Dungeon (4/15)
 Temple: D:4-7

Altars:
Ashenzari
Dithmenos
Gozag
Okawaru
Ru
Sif Muna

.# #.# #######.# .# #.#
########## #.......# .# #.#
#...##...# #.#######
.####.###...##...########.###..<#
....................g.......)....
.####.###...####g######.#.#.#....
.# #.# #...# #.#......#.#.#####
.# #.# #...# #g#.######.#.# .#
#.# #...# #@#.##.###g#.# .# #.#
#...# #.#.).<..#...# .#
#.###...####.########.####
.####........................#
........(........##..........#
################o##..........####
################.##..............
..............##.##...........###
####).........##.##...........#


You could see an orc wizard and 2 gnolls.


Message History

The orc misses you.
You closely miss the orc.
The orc is almost dead.
The orc hits you with a morningstar!
* * * LOW HITPOINT WARNING * * *
You hit the orc.
You kill the orc!
You climb upwards.
The gnoll shouts!
There is a stone staircase leading down here.
The gnoll throws a throwing net.
The throwing net hits you.
You become entangled in the net!
You see here a throwing net {=f!d}.
You struggle against the net.
You try to slip out of the net.
You try to slip out of the net.
You slip out of the net!
The gnoll hits you with a club.
* * * LOW HITPOINT WARNING * * *
Enter note: HA HA The gnoll shouts!
The orc wizard shouts!
Read which item? (? for menu, Esc to quit)
As you read the scroll of teleportation, it crumbles to dust.
You feel strangely unstable.
The orc wizard points at you and mumbles some strange words.
The magic dart hits you!
* * * LOW HITPOINT WARNING * * *
The gnoll hits you with a club.
You die...

Action                   |  1- 3 |  4- 6 || total
-------------------------+-------+-------++-------
Melee: Unarmed           |   145 |   180 ||   325
  Use: Scroll            |       |     3 ||     3
 Stab: Sleeping          |     1 |     3 ||     4

Vault maps used:
D:1:      noname_arrival_rooms_in_the_neighbourhood
D:2:      ashenzari_conservatory_becter, lemuel_doored_altar
D:3:      grunt_gozag_breadcrumbs, lemuel_blue_sif_altar, grunt_dithmenos_smoke
D:4:      okawaru_metal_pillars_1_2, lemuel_coloured_pillars_altar,
          lemuel_zombie_altar_yredelemnul, nicolae_ossuary_entry_false_entrances

Notes
Turn   | Place    | Note
--------------------------------------------------------------
     0 | D:1      | thegroundistoosoft, the Mummy Monk, began the quest for the Orb.
     0 | D:1      | Reached XP level 1. HP: 18/18 MP: 1/1
     0 | D:1      | return the slaaab
     0 | D:1      | Artagel: It's kinda funny though to consistently be able to die to jackals
     0 | D:1      | thegroundistoosoft: :D
     0 | D:1      | thegroundistoosoft: I can't even fight ants or scorpions properly
     0 | D:1      | thegroundistoosoft: with rpois and over 50 hps
   481 | D:1      | Reached XP level 2. HP: 24/24 MP: 2/2
   484 | D:1      | Artagel: and we all know that is exactly as intended
   553 | D:1      | thegroundistoosoft: wait!
   553 | D:1      | thegroundistoosoft: I didn't drop the robe!
   553 | D:1      | thegroundistoosoft: D:
   748 | D:1      | Artagel: well didn't face jackal pack anyway
   748 | D:1      | Artagel: so np
   928 | D:1      | Artagel: did I really see a cloak or was it a club?
   928 | D:1      | nope
   928 | D:1      | Artagel: very well
  1037 | D:2      | Artagel: he dares to shout
  1037 | D:2      | thegroundistoosoft: I remember Implo was playing mumos when he sorta got back into crawl
  1037 | D:2      | thegroundistoosoft: normal mumos
  1037 | D:2      | Artagel: does he not know that the curse of egypt will endure
  1037 | D:2      | thegroundistoosoft: played by the implojin
  1037 | D:2      | thegroundistoosoft: they did not fare well
  1042 | D:2      | Artagel: :D
  1098 | D:2      | Artagel: not gudplayer enough obviously
  1107 | D:2      | thegroundistoosoft: !!
  1116 | D:2      | Artagel: omg
  1116 | D:2      | Artagel: AC
  1116 | D:2      | thegroundistoosoft: cat status: obtained
  1144 | D:2      | Reached skill level 4 in Unarmed Combat
  1243 | D:2      | Artagel: level 4 uc
  1243 | D:2      | Artagel: we in it
  1413 | D:2      | Reached XP level 3. HP: 27/29 MP: 3/3
  1425 | D:2      | Artagel: halp
  1433 | D:2      | Artagel: the worm is overwhelming our defenses
  1455 | D:1      | Artagel: pillarkiting a worm
  1581 | D:2      | Artagel: easiest kill
  1581 | D:2      | thegroundistoosoft: it really does say it all doesn't it
  1812 | D:2      | Found a sacrificial altar of Ru.
  1824 | D:2      | Artagel: btw are we dealing with gods
  1837 | D:2      | Artagel: or will the pantheon forever dream of our worship
  1837 | D:2      | thegroundistoosoft: what do we look like
  1837 | D:2      | Artagel: not that ru is an option
  1837 | D:2      | thegroundistoosoft: casuals?
  1837 | D:2      | Artagel: demigod mummy
  2117 | D:2      | Found a shattered altar of Ashenzari.
  2212 | D:2      | Reached XP level 4. HP: 33/35 MP: 4/4
  2250 | D:2      | Artagel: wormslayer
  2283 | D:2      | Artagel: :O
  2292 | D:3      | thegroundistoosoft: 2skilled
  2384 | D:3      | thegroundistoosoft: if this proves to be too simple a challenge
  2384 | D:3      | thegroundistoosoft: there's always MuMo same rules
  2384 | D:3      | thegroundistoosoft: unenchanted club edition
  2513 | D:3      | Artagel: I somehow doubt that the mummy will suddenly ascend into greatness
  2541 | D:3      | Artagel: Even though the MuCK run was funny as fuck :D
  2676 | D:3      | Artagel: halp
  2676 | D:3      | Artagel: reach
  2676 | D:3      | thegroundistoosoft: wait a minute
  2677 | D:3      | Artagel: !
  2677 | D:3      | get good
  2770 | D:3      | Found a deep blue altar of Sif Muna.
  2782 | D:3      | Found a shadowy altar of Dithmenos.
  2912 | D:3      | Artagel: trident ringmail
  2915 | D:3      | Artagel: wow
  2930 | D:3      | Artagel: we actually oneshot it
  3002 | D:3      | thegroundistoosoft: the risks and dangers of creatine
  3019 | D:3      | Artagel: 2much gains
  3024 | D:3      | Artagel: cant contain it
  3117 | D:3      | Found an opulent altar of Gozag.
  3243 | D:3      | thegroundistoosoft: oh snap!
  3243 | D:3      | Artagel: best ring
  3243 | D:3      | thegroundistoosoft: now when that inevitable unseen horror drops by
  3243 | D:3      | Artagel: it might even die
  3243 | D:3      | Artagel: to the fists
  3243 | D:3      | thegroundistoosoft: we'll have 1080p ultraHD footage of the also inevitable destruction of the mummy
  3288 | D:3      | Reached skill level 5 in Unarmed Combat
  3417 | D:3      | Artagel: why does the javelin look like a double bladed sword of some sort
  3423 | D:3      | Artagel: is this bloax work
  3449 | D:4      | thegroundistoosoft: !
  3449 | D:4      | Artagel: omg
  3449 | D:4      | Artagel: our tomb awaits
  3449 | D:4      | thegroundistoosoft: I believe it is yes
  3449 | D:4      | Artagel: but it is obviously filled with
  3449 | D:4      | Artagel: xp
  3449 | D:4      | thegroundistoosoft: and yes javelins could not be any more retarded
  3449 | D:4      | thegroundistoosoft: word
  3457 | D:4      | thegroundistoosoft: it's gonna be fun pillardancing all the mummies
  3513 | D:4      | Artagel: they should have rolled a better race if they didn't want to be kited
  3519 | D:4      | Artagel: alert
  3525 | D:4      | Artagel: smitebot spotted
  3658 | D:4      | Artagel: very well
  3658 | D:4      | T-T-TRIPLE THREAT
  3663 | D:4      | Artagel: time to engage the defensive dance
  3667 | D:4      | Artagel: of death
  3671 | D:4      | Artagel: wat
  3682 | D:4      | Found a sand-covered staircase.
  3694 | D:4      | thegroundistoosoft: crafty
  3728 | D:4      | Artagel: we might not make it
  3728 | D:4      | Artagel: :D
  3783 | D:4      | thegroundistoosoft: :<
  3831 | D:4      | Artagel: that vault is such a scam though
  3831 | D:4      | thegroundistoosoft: oh
  3831 | D:4      | thegroundistoosoft: dang
  3869 | D:4      | Noticed an ogre
  3870 | D:4      | Artagel: alert
  3870 | D:4      | thegroundistoosoft: m8
  3870 | D:4      | thegroundistoosoft: ain't got no time to
  3870 | D:4      | Artagel: that ogre is lifting
  3870 | D:4      | thegroundistoosoft: ogre 'round
  3878 | D:4      | thegroundistoosoft: pff
  3878 | D:4      | thegroundistoosoft: armor
  3903 | D:4      | Artagel: not even close
  3903 | D:4      | thegroundistoosoft: well
  3903 | D:4      | thegroundistoosoft: I tried
  3913 | D:4      | Noticed a phantom
  4178 | D:4      | :<
  4179 | D:4      | Artagel: :O
  4179 | D:4      | Artagel: super alert
  4179 | D:4      | thegroundistoosoft: jesus
  4226 | D:3      | Artagel: hmm
  4351 | D:1      | Artagel: hi d1
  4408 | D:2      | thegroundistoosoft: it was merely
  4408 | D:2      | thegroundistoosoft: temporary
  4532 | D:4      | Reached XP level 5. HP: 37/41 MP: 5/5
  4561 | D:4      | Artagel: !
  4579 | D:4      | obtain skill
  4582 | D:3      | Artagel: I like how every fight
  4645 | D:3      | Artagel: is a fight of epic proportions
  4645 | D:3      | Artagel: requiring the highest level of execution
  4645 | D:3      | thegroundistoosoft: else the direst consequences are to be faced
  4645 | D:3      | thegroundistoosoft: I'm gonna kill the wizard
  4645 | D:3      | Artagel: eternal death
  4645 | D:3      | thegroundistoosoft: and the gnolls
  4645 | D:3      | Artagel: the final death even
  4689 | D:3      | maybe just the gnolls
  4963 | D:4      | Artagel: the simplest fights
  4965 | D:4      | Artagel: to collect that precious xp
  5045 | D:4      | Found an iron altar of Okawaru.
  5078 | D:4      | thegroundistoosoft: at least I can't say I'm bored
  5109 | D:4      | thegroundistoosoft: what is this
  5109 | D:4      | Artagel: ^^
  5109 | D:4      | Artagel: a morningstar
  5109 | D:4      | thegroundistoosoft: you expect to handle TWO orcs at once?
  5109 | D:4      | Artagel: orc liftan in progress
  5132 | D:3      | Artagel: wow net tactics too
  5132 | D:3      | thegroundistoosoft: should I grab the net
  5132 | D:3      | thegroundistoosoft: no
  5132 | D:3      | Artagel: on 11hp
  5132 | D:3      | Artagel: no
  5132 | D:3      | thegroundistoosoft: the greed
  5149 | D:3      | HA HA
  5168 | D:3      | Artagel: halp
  5181 | D:3      | Artagel: noo
  5181 | D:3      | thegroundistoosoft: heavens
  5181 | D:3      | HP: 4/41 [orc wizard/magic dart (8)]
  5181 | D:3      | Slain by a gnoll

Vanquished Creatures
  An orc priest (D:4)
  A gnoll (D:2)
  2 adders
  2 giant mites
  3 worms
  2 giant geckos
  5 orcs
  10 bats
  5 giant cockroaches
  8 goblins
  9 hobgoblins
  4 jackals (D:3)
  4 kobolds
  4 quokkas
  4 ball pythons
  3 giant newts
  2 kobold skeletons (D:4)
  11 rats
  A rat skeleton (D:4)
81 creatures vanquished.
